AoeStats
← matthieu.bonnefont

MegaRandom

508944531Analyzed
2v2 RM · 7d ago on Sep 24, 2026· 36m 39s· 4 players
Game mode
Random Map
Map size
Medium (4 player)
Population
200
Speed
Normal
Resources
Standard
Victory
Conquest
Starting age
Dark Age
Ending age
Imperial Age
RankedLock teamsTeams togetherTeam positionsShared explorationLock speedFull tech treeHidden civsTurbo modeCheats
Victory
Defeat
🇩🇪 Cumans · Germany
895
+12
🇨🇭 Japanese · Switzerland
836
+15
🇺🇸 Ethiopians · United States
816
-14
🇫🇷 Cumans · France
790
-13
Teblu
1:26 Loom
8:32 Feudal Age
9:04 Double-Bit Axe
9:01 Horse Collar
9:49 Man-at-Arms
13:25 Castle Age
12:21 Fletching
12:44 Padded Archer Armor
13:29 Crossbowman
15:39 Bodkin Arrow
15:52 Long Swordsman
19:57 Leather Archer Armor
matthieu.bonnefont
1:12 Loom
8:18 Feudal Age
11:28 Wheelbarrow
13:35 Double-Bit Axe
18:06 Castle Age
15:54 Horse Collar
17:53 Forging
17:52 Scale Barding Armor
19:38 Iron Casting
19:17 Bow Saw
20:03 Hand Cart
24:14 Pikeman
24:54 Squires
25:20 Stone Mining
26:06 Crossbowman
27:29 Padded Archer Armor
27:20 Fletching
31:09 Steppe Husbandry
33:45 Imperial Age
32:16 Thumb Ring
FLO57
8:24 Feudal Age
6:43 Loom
10:19 Double-Bit Axe
10:15 Horse Collar
10:49 Loom
17:08 Fletching
19:40 Castle Age
18:11 Padded Archer Armor
20:16 Wheelbarrow
19:58 Elite Skirmisher
25:55 Bloodlines
25:53 Fishing Lines
28:20 Bow Saw
29:28 Leather Archer Armor
32:05 Capped Ram
36:18 Imperial Age
34:05 Hand Cart
33:37 Town Watch
34:17 Gillnets
35:11 Bodkin Arrow
35:27 Forging
35:22 Scale Barding Armor
BabyLeon2021
7:57 Feudal Age
7:38 Loom
9:30 Loom
10:02 Fishing Lines
15:51 Castle Age
13:41 Town Watch
14:44 Man-at-Arms
15:10 Arson
15:36 Double-Bit Axe
16:51 Wheelbarrow
16:12 Gold Mining
16:14 Stone Mining
16:53 Long Swordsman
17:21 Gambesons
17:38 Squires
18:12 Town Patrol
19:02 Forging
18:43 Fletching
21:16 Hand Cart
22:10 Bodkin Arrow
26:51 Ballistics
26:39 Murder Holes
29:18 Scale Mail Armor
33:41 Imperial Age
32:08 Bow Saw
35:31 Chemistry
37:25 Gold Shaft Mining
36:39 Horse Collar
38:11 Two-Man Saw
Connection lost

Rejoining the realm…

Still unreachable

The connection could not be restored.

Session expired

The server has moved on; the page needs a fresh start.